 Dungeon Crawl Stone Soup version 0.26.0-18-gc5c842f807 (webtiles) character file.

Game seed: 4969028993115262897

1050 hatsuma the Covered (level 8, 0/73 HPs)
             Began as a Minotaur Berserker on Jan 22, 2021.
             Was a Priest of Trog.
             Slain by an orc warrior
             ... wielding a +0 halberd
              (15 damage)
             ... on level 6 of the Dungeon on Jan 23, 2021.
             The game lasted 00:15:02 (4141 turns).

hatsuma the Covered (Minotaur Berserker)            Turns: 4141, Time: 00:15:02

Health: 0/73       AC: 12    Str: 22    XL:     8   Next: 5%
Magic:  7/7        EV: 11    Int:  4    God:    Trog [***...]
Gold:   286        SH:  0    Dex: 12    Spells: 7/7 levels left

rFire    + . .     SeeInvis .   j - +0 war axe
rCold    . . .     Faith    .   (no shield)
rNeg     . . .     Spirit   .   u - +1 scale mail {rF+}
rPois    .         Reflect  .   (helmet restricted)
rElec    .         Harm     .   d - +1 cloak
rCorr    .         Rampage  .   t - +0 pair of gloves
Will     ++...                  (no boots)
Stlth    ..........             (no amulet)
HPRegen  1.22/turn              (no ring)
MPRegen  0.10/turn              (no ring)

@: regenerating
A: retaliatory headbutt, horns 2
a: Renounce Religion, Berserk, Trog's Hand


You were on level 6 of the Dungeon.
You worshipped Trog.
Trog was most pleased with you.
You visited 1 branch of the dungeon, and saw 6 of its levels.

You collected 286 gold pieces.

Inventory:

Hand Weapons
 j - a +0 war axe (weapon)
 l - a +1 mace of protection
Missiles
 e - 189 stones (quivered)
Armour
 d - a +1 cloak (worn)
 t - a +0 pair of gloves (worn)
 u - a +1 scale mail of fire resistance (worn)
Jewellery
 c - an uncursed ring of positive energy {unknown}
 g - an uncursed ring of fire {unknown}
 y - a cursed ring of attention {unknown}
Wands
 v - a wand of digging (3)
Scrolls
 b - 5 scrolls of teleportation
 f - a scroll of immolation
 i - 4 scrolls of magic mapping
 k - a scroll of blinking {unknown}
 n - 5 scrolls of remove curse {unknown}
 r - 2 scrolls of fog {unknown}
Potions
 a - 2 potions of lignification {unknown}
 h - a potion of degeneration {unknown}
 m - 2 potions of brilliance {unknown}
 o - a potion of ambrosia {unknown}
 p - a potion of berserk rage {unknown}
 q - a potion of mutation {unknown}
 s - a potion of resistance {unknown}
 w - a potion of flight {unknown}
 x - a potion of cancellation {unknown}
 z - a potion of curing {unknown}


   Skills:
 - Level 7.1 Fighting
 + Level 7.0 Axes
 - Level 7.3 Armour
 - Level 2.7 Dodging


You had 7 spell levels left.
You didn't know any spells.
Your spell library was empty.

Dungeon Overview and Level Annotations

Branches:
Dungeon (6/15)
 Temple: D:4-7

Altars:
Ashenzari
Dithmenos
Kikubaaqudgha
Nemelex Xobeh
Okawaru
Trog
Vehumet
Wu Jian
The Shining One

Annotations:
D:5 exclusion: statue


Innate Abilities, Weirdness & Mutations

You reflexively headbutt those who attack you in melee.
You have a pair of horns on your head.


Message History

You hit the centaur.
The centaur is moderately wounded.
The centaur hits you but does no damage.
The orc warrior barely misses you. The centaur closely misses you.
You furiously retaliate!
You headbutt the centaur, but do no damage.
You slash the centaur! You headbutt the centaur.
You kill the centaur!
Trog accepts your kill.
The orc warrior hits you from afar with a +0 halberd!
The orc priest calls down the wrath of Beogh upon you.
Beogh smites you!
* * * LOW HITPOINT WARNING * * *
Your Armour skill increases to level 7!
You have reached level 8!
You feel agile.
Your skin crawls.
You feel strong-willed.
The orc warrior hits you from afar with a +0 halberd!
You die...

........####...#
..............##
.#.#.....###..#
........## #..######
.#.#....####........
#........>.........
###....####.######
.......####.#######.#
####..........(@)oo.#
.........########.#
..##..###. #.. #..#
#. #. #.. #. #. ..


You could see an orc warrior and an orc priest.

Vanquished Creatures
  Menkaure (D:6)
  A phantom (D:5)
  2 centaurs
  Blork the orc (D:5)
  A scorpion (D:5)
  A centaur zombie (D:6)
  2 orc priests (D:4)
  A hound (D:4)
  3 bullfrog skeletons
  A centaur skeleton (D:4)
  2 iguanas
  An orc wizard (D:4)
  3 worker ants
  A hound skeleton (D:5)
  10 adders
  A white imp (D:6)
  An ufetubus (D:6)
  3 oozes
  An adder skeleton (D:5)
  A worm (D:5)
  A dart slug (D:2)
  A leopard gecko (D:4)
  2 orcs
  3 giant cockroaches
  7 goblins
  5 hobgoblins
  4 jackals (D:2)
  8 kobolds
  2 quokkas (D:2)
  A ball python (D:3)
  5 bats
  3 frilled lizards
  A jackal skeleton (D:4)
  3 quokka skeletons
  4 rats
88 creatures vanquished.

Vanquished Creatures (others)
  12 plants (D:4)
12 creatures vanquished.

Grand Total: 100 creatures vanquished

Notes
Turn   | Place    | Note
-------+----------+-------------------------------------------
     0 | D:1      | hatsuma the Minotaur Berserker began the quest for the Orb.
     0 | D:1      | Reached XP level 1. HP: 19/19 MP: 0/0
   203 | D:1      | Reached XP level 2. HP: 26/26 MP: 1/1
   608 | D:2      | Reached skill level 5 in Axes
   613 | D:2      | Reached XP level 3. HP: 31/31 MP: 2/2
   728 | D:2      | Reached ** piety under Trog
  1225 | D:3      | Found an iron altar of Okawaru.
  1346 | D:3      | Reached XP level 4. HP: 29/39 MP: 3/3
  1716 | D:3      | Found a glowing golden altar of the Shining One.
  2005 | D:4      | Found an ornate altar of the Wu Jian Council.
  2030 | D:4      | Reached XP level 5. HP: 46/46 MP: 4/4
  2256 | D:4      | Reached skill level 5 in Fighting
  2574 | D:4      | Found a shadowy altar of Dithmenos.
  2583 | D:4      | Reached skill level 5 in Armour
  2583 | D:4      | Reached XP level 6. HP: 53/56 MP: 5/5
  2728 | D:4      | Found a faded altar of an unknown god.
  2728 | D:4      | Found a broken altar of Ashenzari.
  2733 | D:4      | Found a sparkling altar of Nemelex Xobeh.
  2735 | D:4      | Found a bloodstained altar of Trog.
  2736 | D:4      | Found a faded altar of an unknown god.
  2904 | D:5      | Entered Level 5 of the Dungeon
  2964 | D:5      | Noticed Blork the orc
  2996 | D:5      | Killed Blork the orc
  3207 | D:5      | Reached XP level 7. HP: 63/63 MP: 6/6
  3632 | D:5      | Found a radiant altar of Vehumet.
  3775 | D:5      | Found an ancient bone altar of Kikubaaqudgha.
  3933 | D:6      | Reached *** piety under Trog
  4053 | D:6      | Noticed Menkaure
  4058 | D:6      | Killed Menkaure
  4141 | D:6      | Reached XP level 8. HP: 13/73 MP: 7/7
  4141 | D:6      | Slain by an orc warrior

Illustrated notes

Levels and vault maps discovered:
D:1:      erik_arrival_triangle_small, layout_loops_ring,
          minmay_misc_feat_diagonals
D:2:      layout_loops_ring, minmay_pentomino_o2
D:3:      layout_basic, tso_altar, general_overflow_altar
D:4:      layout_loops_cross, lemuel_doored_altar, marbit_many_paths,
          chequers_temple_overflow_minitemple, serial_forest,
          infiniplex_forest_fountain, infiniplex_forest_lined_1,
          infiniplex_forest_clump_C, infiniplex_forest_end_2,
          infiniplex_forest_clump_diagonal, infiniplex_forest_lined_1,
          infiniplex_forest_clump_small, infiniplex_forest_straight_1,
          infiniplex_forest_clump_medium
D:5:      layout_rooms, vehumet_statue, lemuel_coloured_pillars_altar,
          uniq_blork_the_orc
D:6:      layout_basic, nicolae_lava_and_water, uniq_menkaure

Skill      XL: |  1  2  3  4  5  6  7 |
---------------+----------------------+-----
Axes           | 4 5 6 7 |  7.0
Armour         | 3 4 5 7 |  7.3
Fighting       | 4 5 6 7 |  7.1
Dodging        | |  2.7

Action                   |  1- 3 |  4- 6 |  7- 9 || total
-------------------------+-------+-------+-------++-------
Melee: Hand axe          |    60 |       |       ||    60
       Headbutt          |     9 |    15 |     8 ||    32
       War axe           |     5 |   114 |    59 ||   178
Invok: Berserk           |       |     2 |       ||     2
       Trog's Hand       |       |     1 |     1 ||     2
  Use: Scroll            |     4 |     2 |       ||     6
Armor: Ring mail         |    16 |       |       ||    16
       Scale mail        |       |    50 |    28 ||    78
Dodge: Dodged            |    36 |    62 |    35 ||   133
